 Dungeon Crawl Stone Soup version 0.20.0-1-g1cb1d84 (webtiles) character file.

838 bobbobbob the Covert (level 7, -1/32 HPs)
             Began as a Spriggan Enchanter on May 26, 2017.
             Was an Initiate of Ashenzari.
             Killed from afar by an orc wizard (6 damage)
             ... with a puff of frost
             ... on level 4 of the Dungeon.
             The game lasted 00:20:55 (4884 turns).

bobbobbob the Covert (Spriggan Enchanter)           Turns: 4884, Time: 00:20:55

Health: -1/32      AC:  4    Str:  4    XL:     7   Next: 67%
Magic:  8/16       EV: 20    Int: 16    God:    Ashenzari [......]
Gold:   217        SH:  0    Dex: 19    Spells: 10/17 levels left

rFire    . . .     SeeInvis +   a - +1 dagger
rCold    . . .     Gourm    .   (shield restricted)
rNeg     . . .     Faith    .   g - +2 robe {MR+} (curse)
rPois    .         Spirit   .   (helmet restricted)
rElec    .         Reflect  .   (no cloak)
rCorr    .         Harm     .   (gloves unavailable)
MR       ++...                  (boots unavailable)
Stlth    ++++......             (no amulet)
Regen    0.1/turn               h - ring of see invisible
MPRegen  0.2/turn               (no ring)

@: very quick
A: unfitting armour, see invisible, herbivore 3, speed 3, slow metabolism 2
a: Curse Item, Renounce Religion


You were on level 4 of the Dungeon.
You worshipped Ashenzari.
Ashenzari was noncommittal.
You were not hungry.

You visited 1 branch of the dungeon, and saw 5 of its levels.

You collected 217 gold pieces.

Inventory:

Hand Weapons
 a - a +1 dagger (weapon)
Armour
 b - a +0 robe
 g - a cursed +2 robe of magic resistance (worn)
 B - a +2 robe of fire resistance
Jewellery
 f - a cursed ring of loudness
 h - a ring of see invisible (left hand)
 v - an uncursed ring of protection from magic
Wands
 k - a wand of paralysis (6/24)
 r - a wand of confusion (26/48)
 u - a wand of polymorph (5/24)
Scrolls
 i - 4 scrolls of teleportation
 j - a scroll of remove curse
 l - a scroll of noise {unknown}
 m - a scroll of blinking {unknown}
 o - 3 scrolls of amnesia {unknown}
 q - a scroll of fog {unknown}
 y - a scroll of random uselessness {unknown}
 z - a scroll of immolation {unknown}
Potions
 e - a potion of curing
 n - 2 potions of might {unknown}
 p - 2 potions of lignification {unknown}
 w - a potion of resistance {unknown}
 x - a potion of heal wounds {unknown}
 A - a potion of magic {unknown}
Books
 c - a book of Maledictions

   Spells                             Type                      Level
   a - Corona                         Hexes                        1
   b - Ensorcelled Hibernation        Hexes/Ice                    2
   c - Confuse                        Hexes                        3
   d - Tukima's Dance                 Hexes                        3
   e - Dazzling Spray                 Conjuration/Hexes            3
 t - a book of Misfortune

   Spells                             Type                      Level
   a - Confusing Touch                Hexes                        1
   b - Confuse                        Hexes                        3
   c - Gell's Gravitas                Translocation                3
   d - Petrify                        Transmutation/Earth          4
   e - Metabolic Englaciation         Hexes/Ice                    5
   f - Yara's Violent Unravelling     Hexes/Transmutation          5
Comestibles
 d - 4 bread rations
 s - 3 fruits


   Skills:
 + Level 0.7 Fighting
 + Level 3.5 Short Blades
 + Level 4.3 Dodging
 + Level 8.3 Stealth
 + Level 5.7 Spellcasting
 + Level 0.5 Conjurations
 + Level 6.1 Hexes


You had 10 spell levels left.
You knew the following spells:

 Your Spells              Type           Power        Failure   Level  Hunger
a - Corona                Hex            ###....      1%          1    None
b - Confuse               Hex            ###.....     3%          3    ##.....
c - Dazzling Spray        Conj/Hex       ###...       11%         3    ##.....


Dungeon Overview and Level Annotations

Branches:
Dungeon (5/15)             Temple (0/1) D:4

Altars:
Ashenzari
Elyvilon
Fedhas
Kikubaaqudgha
Makhleb
Nemelex Xobeh
Okawaru
Yredelemnul


Innate Abilities, Weirdness & Mutations

You are very small and have problems with some larger weapons.
You are too small for most types of armour.
You have supernaturally acute eyesight. (SInv)
You are a herbivore.
You cover ground extremely quickly.
You need consume almost no food.


Message History

Unknown command.
Casting: Dazzling Spray
Confirm with . or Enter, or press ? or * to list all spells.
Aiming: Confuse
Press: ? - help, Shift-Dir - straight line, f/p - orc wizard
Aim: an orc wizard, wielding a dagger of protection and wearing a robe (moderately wounded, chance to defeat MR: 53%)
The orc wizard resists with significant effort.
You start resting.
The orc wizard casts a spell at you. The puff of flame hits you!
* * * LOW HITPOINT WARNING * * *
There is a stone staircase leading down here.
The orc wizard shouts!
The orc wizard mumbles some strange words.
The orc wizard seems to speed up.
The orc wizard shouts!
There is a stone staircase leading up here.
The orc wizard casts a spell at you. The puff of frost hits you!
You die...

.......#################...#.#.##
.........## ###........#
.......#..# ##..........#
.......##.## ######..##.......#
.......##..#####........#..#...##
......####..........#.8.#.#.....#
.....## #####.÷.[........†.....#
###### #......8.>.8#.#....#
..############..@........#......#
.............o......#.8.#.......#
.........###%........##.#...#...#
.........###......<..##...#.#...#
.........#...........##.........#
.................................
.....####..........####......#..#
...<..##...#.####### #....†.#...
.............# ###..##.#####


You could see an orc wizard.

Vanquished Creatures
  Grinder (D:3)
  Sigmund (D:4)
  2 ogres
  A jelly (D:5)
  2 bullfrog skeletons (D:5)
  Jessica (D:3)
  An orc wizard (D:5)
  An iguana (D:4)
  A hound skeleton (D:4)
  8 adders
  A dart slug (D:1)
  9 leopard geckos
  4 orcs
  7 bats
  6 giant cockroaches
  7 goblins
  6 hobgoblins
  4 quokkas
  2 ball pythons (D:1)
  5 frilled lizards
  5 kobolds
  A leopard gecko skeleton (D:4)
  2 rats
78 creatures vanquished.

Notes
Turn   | Place    | Note
-------+----------+-------------------------------------------
     0 | D:1      | bobbobbob the Spriggan Enchanter began the quest for the Orb.
     0 | D:1      | Reached XP level 1. HP: 9/9 MP: 5/5
   387 | D:1      | Reached XP level 2. HP: 13/13 MP: 5/7
  1059 | D:2      | Reached skill level 5 in Stealth
  1436 | D:2      | Reached XP level 3. HP: 16/16 MP: 8/8
  1456 | D:2      | Learned a level 3 spell: Confuse
  1460 | D:2      | Learned a level 3 spell: Dazzling Spray
  1729 | D:2      | Found a white marble altar of Elyvilon.
  1838 | D:2      | Found an ancient bone altar of Kikubaaqudgha.
  2441 | D:3      | Reached XP level 4. HP: 21/21 MP: 10/10
  2608 | D:3      | Found a sparkling altar of Nemelex Xobeh.
  2702 | D:3      | Found an iron altar of Okawaru.
  2720 | D:3      | Noticed Jessica
  2728 | D:3      | Killed Jessica
  3015 | D:3      | Noticed Grinder
  3540 | D:3      | Paralysed by Grinder for 2 turns
  3561 | D:3      | Killed Grinder
  3561 | D:3      | Reached skill level 5 in Hexes
  3561 | D:3      | Reached XP level 5. HP: 25/25 MP: 0/13
  3561 | D:3      | Reached XP level 6. HP: 29/29 MP: 0/14
  3875 | D:3      | Reached skill level 5 in Spellcasting
  3923 | D:4      | Reached skill level 6 in Stealth
  4015 | D:4      | Found a staircase to the Ecumenical Temple.
  4104 | D:4      | Found a blossoming altar of Fedhas.
  4135 | D:4      | Noticed Sigmund
  4142 | D:4      | Killed Sigmund
  4142 | D:4      | Reached skill level 7 in Stealth
  4142 | D:4      | Reached XP level 7. HP: 32/32 MP: 14/16
  4361 | D:5      | Entered Level 5 of the Dungeon
  4381 | D:5      | Found a burning altar of Makhleb.
  4383 | D:5      | Noticed a blizzard demon
  4423 | D:5      | Found a shattered altar of Ashenzari.
  4432 | D:5      | Became a worshipper of Ashenzari the Shackled
  4474 | D:5      | Reached skill level 8 in Stealth
  4527 | D:5      | Found a basalt altar of Yredelemnul.
  4884 | D:4      | Killed from afar by an orc wizard

Skill      XL: |  1  2  3  4  5  6  7 |
---------------+----------------------+-----
Spellcasting   | 3 4 5 |  5.7
Stealth        | 5 7 8 |  8.3
Hexes          | 4 5 6 |  6.1
Short Blades   | 2 3 |  3.5
Dodging        | 4 |  4.3
Fighting       | |  0.7
Conjurations   | |  0.5

Action                   |  1- 3 |  4- 6 |  7- 9 || total
-------------------------+-------+-------+-------++-------
Melee: Dagger            |   129 |    67 |    38 ||   234
 Cast: Corona            |    26 |     7 |       ||    33
       Confuse           |    11 |    18 |    13 ||    42
       Dazzling Spray    |       |     5 |     5 ||    10
Invok: Curse Item        |       |       |     1 ||     1
  Use: Scroll            |       |     1 |     3 ||     4
 Stab: Sleeping          |    12 |    14 |     3 ||    29
       Confused          |     4 |    10 |     7 ||    21
       Distracted        |     1 |     1 |       ||     2
       Invisible         |       |     2 |     1 ||     3
  Eat: Royal jelly       |     2 |       |     1 ||     3
Armor: Robe              |    14 |     6 |     1 ||    21
Dodge: Dodged            |   127 |    35 |    28 ||   190
